 Dungeon Crawl Stone Soup version 0.18.1-47-g9310371 (webtiles) character file.

5690 DevlanMud the Basher (level 10, -2/106 HPs)
             Began as an Ogre Hunter on June 16, 2016.
             Was an Elder of Okawaru.
             Slain by an eight-headed hydra (7 damage)
             ... on level 1 of the Lair of Beasts.
             The game lasted 00:38:45 (11806 turns).

DevlanMud the Basher (Ogre Hunter)                 Turns: 11806, Time: 00:38:46

Health: -2/106     AC: 10    Str: 19    XL:     10   Next: 76%
Magic:  10/11      EV: 17    Int: 10    God:    Okawaru [****..]
Gold:   705        SH:  0    Dex: 13    Spells: 0 memorised, 9 levels left

rFire  . . .     SeeInvis .     G - +0 giant spiked club
rCold  . . .     Gourm    .     D - +0 steam dragon armour
rNeg   . . .     Faith    .     (shield currently unavailable)
rPois  .         Spirit   .     (helmet restricted)
rElec  .         Dismiss  .     g - +2 cloak
rCorr  .         Reflect  .     (gloves unavailable)
SustAt .         Harm     .     (boots unavailable)
MR     +....                    (no amulet)
Stlth  +++.......               F - +1 ring of evasion
                                q - ring of stealth

@: heroism, very slightly contaminated, hasted, very quick, somewhat resistant
to hostile enchantments, fairly stealthy
A: unfitting armour, tough skin 1
a: Heroism, Renounce Religion


You were on level 1 of the Lair of Beasts.
You worshipped Okawaru.
Okawaru was greatly pleased with you.
You were not hungry.

You visited 2 branches of the dungeon, and saw 11 of its levels.
You also visited: Sewer.

You collected 705 gold pieces.

Inventory:

Hand Weapons
 G - a +0 giant spiked club (weapon)
Missiles
 c - 4 large rocks (quivered)
 d - 5 javelins
 n - 130 stones
 o - 5 tomahawks
 J - 4 needles of sleeping
Armour
 g - a +2 cloak (worn)
 D - a +0 steam dragon armour (worn)
Jewellery
 i - an uncursed ring of resist corrosion
 k - an uncursed ring of magical power
 m - an uncursed ring of wizardry
 q - a ring of stealth (left hand)
 t - an uncursed amulet of dismissal
 F - a +1 ring of evasion (right hand)
Wands
 B - a wand of disintegration (7/24)
 E - a wand of disintegration (8/24)
 I - a wand of lightning (8/15)
Scrolls
 b - a scroll of recharging
 e - a scroll of enchant armour
 j - 3 scrolls of blinking
 p - 3 scrolls of fog
 w - 3 scrolls of remove curse
 y - a scroll of identify
 A - 3 scrolls of teleportation
 H - a scroll of fear
Potions
 a - 2 potions of flight
 h - 3 potions of cure mutation
 r - a potion of curing
 u - a potion of cancellation
Books
 x - a Young Poisoner's Handbook

   Spells                             Type                      Level
   a - Sting                          Conjuration/Poison           1
   b - Cure Poison                    Poison                       2
   c - Mephitic Cloud                 Conjuration/Poison/Air       3
   d - Olgreb's Toxic Radiance        Poison                       4
   e - Venom Bolt                     Conjuration/Poison           5
 z - a book of Alchemy

   Spells                             Type                      Level
   a - Sublimation of Blood           Necromancy                   2
   b - Ignite Poison                  Fire/Transmutation/Poison    3
   c - Petrify                        Transmutation/Earth          4
   d - Alistair's Intoxication        Transmutation/Poison         5
   e - Irradiate                      Conjuration/Transmutation    5
 C - a book of Power

   Spells                             Type                      Level
   a - Fulminant Prism                Conjuration/Hexes            4
   b - Iskenderun's Mystic Blast      Conjuration                  4
   c - Venom Bolt                     Conjuration/Poison           5
   d - Bolt of Magma                  Conjuration/Fire/Earth       5
   e - Iron Shot                      Conjuration/Earth            6
   f - Orb of Destruction             Conjuration                  7
   g - Spellforged Servitor           Conjuration/Summoning        7
Comestibles
 f - 9 bread rations
 l - 2 beef jerkies
 s - 3 meat rations
 v - 9 slices of pizza
 L - 2 chunks of flesh


   Skills:
 + Level 8.6(13.6) Fighting
 * Level 13.5(18.5) Maces & Flails
 * Level 5.8(10.8) Throwing
 + Level 7.8(12.8) Dodging
 - Level 0.7(5.7) Stealth
 + Level 2.1 Invocations
 - Level 0.1 Evocations


You had 9 spell levels left.
You didn't know any spells.

Dungeon Overview and Level Annotations

Branches:
Dungeon (10/15)            Temple (0/1) D:7            Lair (1/8) D:9
    Orc (0/2) D:10

Altars:
Cheibriados
Gozag
Kikubaaqudgha
Nemelex Xobeh
Okawaru
Pakellas
Ru
Xom
Zin

Shops:
D:7 *   D:9 *


Innate Abilities, Weirdness & Mutations

You are too large for most types of armour.
You have tough skin (AC +1).


Message History

The eight-headed hydra bites you. The eight-headed hydra bites you!
The eight-headed hydra bites you but does no damage. x3
The eight-headed hydra bites you.
You hit the eight-headed hydra.
The eight-headed hydra is heavily wounded.
The yak gores you.
The yak gores the plant but does no damage.
The crocodile bites the plant.
You barely miss the eight-headed hydra.
The eight-headed hydra is heavily wounded.
The eight-headed hydra bites you! The eight-headed hydra bites you.
The eight-headed hydra bites you!
* * * LOW HITPOINT WARNING * * *
The eight-headed hydra bites you!
* * * LOW HITPOINT WARNING * * *
The eight-headed hydra bites you but does no damage.
The eight-headed hydra bites you!
* * * LOW HITPOINT WARNING * * *
The eight-headed hydra bites you!
You die...

##............#.#.#..
...........#.#.#.#).
#......... #....
#.....#.... #.#..
#.....P.... #....
...##P.tP........#.#.#..
..t...PY#.#.##.#.#......
#Y#...##.......#.. #
#@#...##.......#.#
#..#D..#.##...#...#.#
#.......##...#...#.#
#.....#.##...#.....#
...((#.#...............
...#...#...#..#.....#.#
!..#..#.#......#.....#.#
...#..P.#.#....#.....#.#
.. ## ..#.#....#.....#.#


You could see an eight-headed hydra, 2 yaks and a crocodile.

Vanquished Creatures
  A black mamba (Lair:1)
  A spiny frog (Lair:1)
  A two-headed ogre (D:9)
  A human (D:9)
  7 yaks
  A hippogriff (D:7)
  A steam dragon (D:8)
  An orc warrior (D:9)
  2 sky beasts
  3 ogres
  2 phantoms
  2 centaurs
  2 crocodiles
  7 giant frogs
  A water moccasin zombie (D:6)
  3 scorpions
  4 killer bees (D:7)
  5 wights (D:9)
  7 electric eels
  A quasit (D:9)
  4 crimson imps
  A centaur zombie (D:8)
  A jelly (D:7)
  An orc priest (D:4)
  2 hounds
  6 orc wizards
  2 giant frog skeletons
  4 iguanas
  6 worker ants
  4 sheep (D:9)
  A hound skeleton (D:4)
  A howler monkey skeleton (D:5)
  8 gnolls
  4 adders
  A river rat (D:6)
  2 shadow imps
  4 oozes
  A dart slug (D:2)
  4 giant geckos
  27 orcs
  12 bats
  3 bat zombies (D:5)
  9 giant cockroaches
  10 goblins
  16 hobgoblins
  11 jackals
  5 quokkas
  2 ball pythons
  A giant gecko skeleton (D:3)
  4 giant newts
  A jackal skeleton (D:4)
  12 kobolds
  8 rats
  A rat zombie (D:5)
  A fungus (D:6)
233 creatures vanquished.

Vanquished Creatures (others)
  2 plants (D:7)
2 creatures vanquished.

Grand Total: 235 creatures vanquished

Notes
Turn   | Place    | Note
--------------------------------------------------------------
     0 | D:1      | DevlanMud the Ogre Hunter began the quest for the Orb.
     0 | D:1      | Reached XP level 1. HP: 22/22 MP: 1/1
    92 | D:1      | Reached XP level 2. HP: 29/29 MP: 2/2
   181 | D:1      | Reached XP level 3. HP: 28/36 MP: 3/3
   914 | D:1      | Reached skill level 5 in Throwing
  1266 | D:2      | Reached XP level 4. HP: 33/44 MP: 4/4
  1404 | D:2      | Found an opulent altar of Gozag.
  1407 | D:2      | Found a glowing silver altar of Zin.
  1424 | D:2      | Found an oddly glowing altar of Pakellas.
  1426 | D:2      | Found a shimmering altar of Xom.
  1987 | D:3      | Reached skill level 1 in Maces & Flails
  2471 | D:3      | Reached XP level 5. HP: 48/53 MP: 5/5
  2764 | D:3      | Found an iron altar of Okawaru.
  2798 | D:3      | Became a worshipper of Warmaster Okawaru
  3545 | D:4      | Found a snail-covered altar of Cheibriados.
  3563 | D:4      | Reached skill level 2 in Maces & Flails
  3579 | D:4      | Reached XP level 6. HP: 16/61 MP: 6/6
  3805 | D:4      | Reached skill level 3 in Maces & Flails
  4565 | D:5      | Entered Level 5 of the Dungeon
  4622 | D:5      | Noticed a sky beast
  4639 | D:5      | Killed a sky beast
  4639 | D:5      | Reached * piety under Okawaru
  4639 | D:5      | Reached skill level 4 in Maces & Flails
  4639 | D:5      | Reached XP level 7. HP: 33/70 MP: 7/7
  5161 | D:5      | Found a shimmering altar of Xom.
  5291 | D:5      | Found an ancient bone altar of Kikubaaqudgha.
  5369 | D:5      | Reached skill level 5 in Maces & Flails
  5779 | D:6      | Reached skill level 6 in Maces & Flails
  5788 | D:6      | Found a glowing drain.
  5800 | D:6      | Reached skill level 5 in Fighting
  5825 | Sewer    | Entered a sewer
  6086 | Sewer    | Reached ** piety under Okawaru
  6086 | Sewer    | Reached skill level 5 in Dodging
  6086 | Sewer    | Reached XP level 8. HP: 74/80 MP: 5/8
  6257 | D:6      | Reached skill level 7 in Maces & Flails
  6512 | D:6      | Found a sacrificial altar of Ru.
  6848 | D:7      | Found a staircase to the Ecumenical Temple.
  6931 | D:7      | Reached skill level 8 in Maces & Flails
  7171 | D:7      | Reached skill level 1 in Invocations
  8007 | D:7      | Reached skill level 9 in Maces & Flails
  8188 | D:7      | Found Bovuutz's Assorted Antiques.
  8245 | D:7      | Reached XP level 9. HP: 85/89 MP: 10/10
  8486 | D:7      | Reached *** piety under Okawaru
  8999 | D:8      | Found a sparkling altar of Nemelex Xobeh.
  9029 | D:8      | Reached skill level 10 in Maces & Flails
 10287 | D:9      | Reached skill level 11 in Maces & Flails
 10409 | D:9      | Reached **** piety under Okawaru
 10409 | D:9      | Reached XP level 10. HP: 86/104 MP: 11/11
 10421 | D:9      | Reached skill level 12 in Maces & Flails
 10423 | D:9      | Received a gift from Okawaru
 10440 | D:9      | Found a staircase to the Lair.
 10785 | D:9      | Found Todgh's General Store.
 11145 | D:9      | Reached skill level 13 in Maces & Flails
 11233 | D:10     | Entered Level 10 of the Dungeon
 11233 | D:10     | Found a staircase to the Orcish Mines.
 11274 | Lair:1   | Entered Level 1 of the Lair of Beasts
 11287 | Lair:1   | Noticed a spiny frog
 11305 | Lair:1   | Killed a spiny frog
 11305 | Lair:1   | Received a gift from Okawaru
 11678 | Lair:1   | Noticed a black mamba
 11695 | Lair:1   | Killed a black mamba
 11800 | Lair:1   | Noticed an eight-headed hydra
 11806 | Lair:1   | HP: 5/106 [eight-headed hydra (11)]
 11806 | Lair:1   | Slain by an eight-headed hydra

Skill      XL: |  1  2  3  4  5  6  7  8  9 10 |
---------------+-------------------------------+-----
Dodging        | 2 3 4 5 7 |  7.8
Throwing       | 5 |  5.8
Fighting       | 3 4 5 6 7 8 |  8.6
Maces & Flails | 1 2 4 6 9 11 13 | 13.5
Invocations    | 2 |  2.1
Stealth        | |  0.7
Evocations     | |  0.1

Action                   |  1- 3 |  4- 6 |  7- 9 | 10-12 || total
-------------------------+-------+-------+-------+-------++-------
Melee: Short sword       |    70 |       |       |       ||    70
       Club              |    86 |   171 |       |       ||   257
       Mace              |       |    61 |       |       ||    61
       Morningstar       |       |    31 |       |       ||    31
       Giant club        |       |    49 |   347 |    30 ||   426
       Giant spiked club |       |       |       |    90 ||    90
Throw: Large rock        |    18 |     2 |       |     6 ||    26
       Stone             |       |    18 |    14 |       ||    32
       Throwing net      |       |     6 |       |       ||     6
       Tomahawk          |       |       |    15 |       ||    15
Invok: Heroism           |       |       |     5 |     5 ||    10
Evoke: Wand              |       |       |     3 |       ||     3
  Use: Scroll            |     2 |     4 |    10 |     4 ||    20
       Potion            |     2 |     3 |     3 |     1 ||     9
 Stab: Sleeping          |     3 |     2 |     3 |     1 ||     9
       Distracted        |       |       |     1 |       ||     1
       Paralysed         |       |       |     1 |       ||     1
  Eat: Chunk             |     1 |    12 |    20 |     5 ||    38
Armor: Robe              |    69 |   132 |    87 |       ||   288
       Skin              |       |     5 |       |       ||     5
       Steam dragon armo |       |       |    36 |    33 ||    69
Dodge: Dodged            |   105 |   183 |   237 |    69 ||   594
